 Dungeon Crawl Stone Soup version 0.30-a0-629-gd54f4be4f7 (webtiles) character file.

Game seed: 16769925400549712058

3569 Dittersdorf the Fighter (level 10, 0/65 HPs)
             Began as a Gargoyle Fighter on Jan 12, 2023.
             Was an Elder of Okawaru.
             Slain by a white ugly thing (8 damage)
             ... on level 6 of the Dungeon.
             The game lasted 00:11:05 (8096 turns).

Dittersdorf the Fighter (Gargoyle Fighter)          Turns: 8096, Time: 00:11:05

Health: 0/65       AC: 21    Str: 24    XL:     10   Next: 9%
Magic:  8/10       EV: 16    Int:  9    God:    Okawaru [****..]
Gold:   292        SH:  7    Dex:  9    Spells: 9/9 levels left

rFire   . . .      SeeInvis .    a - +2 morningstar (holy)
rCold   + . .      Faith    .    c - +0 buckler
rNeg    + . .      Spirit   .    b - +0 scale mail
rPois   ∞          Reflect  .    o - +1 helmet
rElec   +          Harm     .    x - +0 cloak
rCorr   .          Rampage  .    (no gloves)
Will    .....                    (no boots)
Stlth   +                        (no amulet)
HPRegen 0.30/turn                t - ring of protection from cold
MPRegen 0.12/turn                h - +5 ring of evasion

@: heroic
A: sickness immunity, AC +7, negative energy resistance 1, electricity
resistance, torment resistance 1, petrification resistance
a: Renounce Religion, Heroism, Finesse


You were on level 6 of the Dungeon.
You worshipped Okawaru.
Okawaru was greatly pleased with you.
You visited 1 branch of the dungeon, and saw 7 of its levels.
You also visited: Ossuary.

You collected 364 gold pieces.
You spent 72 gold pieces at shops.

Inventory:

Hand Weapons
 a - a +2 morningstar of holy wrath (weapon)
Armour
 b - a +0 scale mail (worn)
 c - a +0 buckler (worn)
 o - a +1 helmet (worn)
 x - a +0 cloak (worn)
Jewellery
 h - a +5 ring of evasion (right hand)
 t - a ring of protection from cold (left hand)
Wands
 n - a wand of flame (26)
 s - a wand of polymorph (6)
Scrolls
 e - 2 scrolls of enchant weapon
 i - 3 scrolls of teleportation
 q - a scroll of vulnerability {unknown}
 y - a scroll of enchant armour
Potions
 d - 8 potions of might
 f - a potion of resistance
 g - 2 potions of flight
 j - a potion of brilliance
 k - 3 potions of heal wounds
 l - 2 potions of invisibility
 m - a potion of lignification {unknown}
 p - a potion of curing
 r - 2 potions of mutation {unknown}
 v - a potion of haste


   Skills:
 + Level 8.5(13.5) Fighting
 + Level 7.3(12.3) Maces & Flails
 + Level 8.4(13.4) Armour
 + Level 8.4(13.4) Shields


You had 9 spell levels left.
You didn't know any spells.
Your spell library contained the following spells:

 Spells                   Type           Power      Damage    Failure   Level
 Blink                    Tloc           0%         N/A       80%         2
 Manifold Assault         Tloc           0%         N/A       100%        4
 Storm Form               Tmut/Air       0%         N/A       100%        7


Dungeon Overview and Level Annotations

Branches:
Dungeon (7/15)             Temple (0/1) D:5         Ossuary (visited)

Altars:
Ashenzari
Dithmenos
Elyvilon
Fedhas
Nemelex Xobeh
Okawaru

Shops:
D:5 (


Innate Abilities, Weirdness & Mutations

You are immune to sickness and miasma.
Your stone body is resilient. (AC +7)
You are immune to poison.
You resist negative energy. (rN+)
You are resistant to electric shocks. (rElec)
You are resistant to unholy torment.
You are immune to petrification.


Message History

a +0 ring mail; a +0 hand axe The white ugly thing attacks as you move away!
The white ugly thing closely misses you.
The deep elf pyromancer closely misses you.
There is a stone staircase leading up, spattered with blood here.
Things that are here:
a +0 robe; a +0 dagger The white ugly thing claws you but does no damage.
The kobold demonologist gestures wildly while chanting.
The deep elf pyromancer gestures wildly while chanting.
The deep elf pyromancer blinks!
You climb upwards.
There is a stone staircase leading down here.
The deep elf pyromancer attacks as you move away!
The deep elf pyromancer hits you with a +0 long sword.
* * * LOW HITPOINT WARNING * * *
The white ugly thing claws you but does no damage.
As you read the scroll labelled DUHIEBLUEFO, it crumbles to dust.
It is a scroll of enchant armour.
Your +0 helmet glows green for a moment.
The white ugly thing barely misses you.
The deep elf pyromancer hits you but does no damage.
As you read the scroll labelled HIRONOCYSI, it crumbles to dust.
The creatures around you are filled with an inner flame!
It was a scroll of immolation.
The white ugly thing misses you.
You block the deep elf pyromancer's attack.
The air fills with toxic fumes!
As you read the scroll labelled YVVUAF SETIEW, it crumbles to dust.
It was a scroll of poison.
You block the white ugly thing's attack.
The deep elf pyromancer points at you and mumbles some strange words.
The sticky flame hits you but does no damage.
You are covered in liquid flames!
You gain the combat prowess of a mighty hero.
You are covered in liquid flames!
* * * LOW HITPOINT WARNING * * *
The white ugly thing claws you but does no damage.
The deep elf pyromancer barely misses you.
You feel better. The white ugly thing claws you!
You die...

#.........#......#......#......
#................##.....#.....#
#........######..##.....#.....#
#........#§§§§#.........#.....#
####.####..#.§§§#.......)[......#
..#.))..####..§§#####....)#.....#
........# #...§§§§§#######.....#
..#.....# #####§§§§§§§§.#.#)#>##
..#.....# #@u§§§§§§........#
..#.....# #e§§§§§§§.#.#.#.##
..#.....# #§§§§§§§§........#
###.....# #§§§§§§§§.#.#.#.##
####### ########§#.......#
#.##.#.#.## #......### ########


You could see a white ugly thing (inner flame) and a deep elf pyromancer (inner
flame).

Vanquished Creatures
  Pikel (D:5)
  An acid dragon (D:7)
  3 water moccasins
  An orc warrior (D:7)
  2 ice beasts
  2 sky beasts (D:7)
  A black bear (D:5)
  2 centaurs
  A kobold brigand (D:7)
  An elf zombie (Ossuary)
  A scorpion (D:7)
  3 bullfrogs
  3 wights (D:6)
  A killer bee (D:7)
  An electric eel (D:7)
  A howler monkey (D:6)
  3 centaur zombies (Ossuary)
  4 hounds
  2 jellies
  7 orc priests
  A gnoll bouda (D:5)
  2 iguanas
  Natasha (thrice) (D:2)
  7 orc wizards
  2 ogre zombies (Ossuary)
  7 mummies (Ossuary)
  Robin (D:2)
  9 gnolls
  8 adders
  A shadow imp (D:5)
  A white imp (D:6)
  An ufetubus (D:7)
  3 adder zombies (Ossuary)
  4 worms
  A dart slug (D:3)
  31 orcs
  6 endoplasms
  5 giant cockroaches
  19 goblins
  9 hobgoblins
  3 jackals (D:1)
  9 kobolds
  A quokka (D:2)
  7 ball pythons
  4 bats
  2 frilled lizards
  4 goblin zombies (Ossuary)
  5 hobgoblin zombies (Ossuary)
  4 kobold zombies (Ossuary)
  An orc zombie (Ossuary)
  5 quokka zombies (Ossuary)
  7 rats
  2 rat zombies (Ossuary)
216 creatures vanquished.

Vanquished Creatures (others)
  7 plants (D:7)
7 creatures vanquished.

Grand Total: 223 creatures vanquished

Notes
Turn   | Place    | Note
-------+----------+-------------------------------------------
     0 | D:1      | Dittersdorf the Gargoyle Fighter began the quest for the
                  | Orb.
     0 | D:1      | Reached XP level 1. HP: 14/14 MP: 1/1
   179 | D:1      | Reached XP level 2. HP: 17/19 MP: 2/2
   873 | D:1      | Found a faded altar of an unknown god.
  1157 | D:2      | Reached XP level 3. HP: 19/23 MP: 3/3
  1341 | D:2      | Noticed Natasha
  1348 | D:2      | Killed Natasha
  1349 | D:2      | Reached XP level 4. HP: 16/29 MP: 4/4
  1400 | D:2      | Noticed Natasha
  1414 | D:2      | Killed Natasha
  1802 | D:2      | Noticed Natasha
  1809 | D:2      | Killed Natasha
  1810 | D:2      | Reached XP level 5. HP: 25/33 MP: 5/5
  2039 | D:2      | Noticed Robin
  2073 | D:2      | Killed Robin
  3248 | D:4      | Reached XP level 6. HP: 38/39 MP: 6/6
  3306 | D:4      | Found a sparkling altar of Nemelex Xobeh.
  3446 | D:4      | Found an iron altar of Okawaru.
  3454 | D:4      | Became a worshipper of Warmaster Okawaru
  4053 | D:4      | Found a blossoming altar of Fedhas.
  4233 | D:5      | Entered Level 5 of the Dungeon
  4233 | D:5      | Noticed a black bear
  4285 | D:5      | Found Tehown's Antique Weapon Emporium.
  4299 | D:5      | Reached skill level 5 in Fighting
  4299 | D:5      | Reached skill level 5 in Armour
  4299 | D:5      | Reached skill level 5 in Shields
  4299 | D:5      | Reached XP level 7. HP: 40/44 MP: 7/7
  4313 | D:5      | Bought a morningstar for 72 gold pieces
  4345 | D:5      | Found a white marble altar of Elyvilon.
  4701 | D:5      | Found a shadowy altar of Dithmenos.
  4784 | D:5      | Reached * piety under Okawaru
  4914 | D:5      | Found a staircase to the Ecumenical Temple.
  5253 | D:5      | Noticed Pikel
  5273 | D:5      | Killed Pikel
  5273 | D:5      | Reached ** piety under Okawaru
  5274 | D:5      | Reached skill level 5 in Maces & Flails
  5274 | D:5      | Reached XP level 8. HP: 18/51 MP: 8/8
  5671 | D:6      | Found a sand-covered staircase.
  5687 | Ossuary  | Entered an ossuary
  6094 | Ossuary  | Reached *** piety under Okawaru
  6154 | Ossuary  | Reached XP level 9. HP: 56/56 MP: 9/9
  7301 | D:7      | Reached **** piety under Okawaru
  7552 | D:7      | Noticed a two-headed ogre
  7714 | D:7      | Identified the +2 leather armour of Autumn {rElec rC++ rN+
                  | Will-}
  7779 | D:7      | Found a broken altar of Ashenzari.
  7837 | D:7      | Reached XP level 10. HP: 64/64 MP: 10/10
  8060 | D:7      | Noticed a deep elf pyromancer
  8061 | D:7      | Noticed a white ugly thing
  8068 | D:7      | Noticed a kobold demonologist
  8076 | D:7      | Noticed a sixfirhy
  8095 | D:6      | HP: 1/65 [burnt (8)]
  8096 | D:6      | Slain by a white ugly thing

Illustrated notes

Levels and vault maps discovered:
D:1:      saegor_arrival_simple_c, layout_basic,
          dilly_ecumenical_altar_fadedgnrine
D:2:      layout_basic, minmay_split_cup_small, uniq_natasha, uniq_robin
D:3:      layout_basic
D:4:      cheibrodos_pilgrimage, layout_basic, kennysheep_mini_moat,
          mainiacjoe_overflow_six_doors_small, kennysheep_okawaru_gauntlet
D:5:      layout_cave_pods, mainiacjoe_overflow_alcove_4,
          nicolae_dithmenos_through_a_glass_darkly, minmay_temple_entry_arrows,
          hangedman_decor_push, nicolae_stop_n_shop_2, uniq_pikel
D:6:      layout_gridville, nicolae_ossuary_entry_plus, st_stairs_8
D:7:      nzn_winding_woodlands_stair_cross
          [nzn_winding_woodlands_5x15_river_crossing,
          nzn_winding_woodlands_center_pierced_h,
          nzn_winding_woodlands_5x15_split_checker,
          nzn_winding_woodlands_5x5_closed_star,
          nzn_winding_woodlands_5x5_default,
          nzn_winding_woodlands_5x15_sidewinder,
          nzn_winding_woodlands_center_diamonds,
          nzn_winding_woodlands_5x15_lazy_stream], layout_basic,
          evilmike_ruin_ashenzari

Skill      XL: |  1  2  3  4  5  6  7  8  9 |
---------------+----------------------------+-----
Fighting       | 4 5 6 8 |  8.5
Armour         | 4 5 6 8 |  8.4
Shields        | 4 5 6 8 |  8.4
Maces & Flails | 3 4 5 7 |  7.3

Action                   |  1- 3 |  4- 6 |  7- 9 | 10-12 || total
-------------------------+-------+-------+-------+-------++-------
Melee: Flail             |    99 |   249 |       |       ||   348
       Morningstar       |       |       |   389 |    63 ||   452
Throw: Dart              |       |     7 |       |       ||     7
Invok: Heroism           |       |       |       |     1 ||     1
  Use: Scroll            |       |    12 |     5 |     3 ||    20
       Potion            |       |       |       |     1 ||     1
Armor: Scale mail        |    59 |   144 |   162 |    31 ||   396
Dodge: Dodged            |    49 |   166 |   280 |    44 ||   539
Block: Buckler           |    23 |    63 |    86 |    17 ||   189

Table legend: (Time is in decaauts)
 A = Elapsed time spent in this place.
 B = Non-inter-level travel time spent in this place.
 C = Inter-level travel time spent in this place.
 D = Time resting spent in this place.
 E = Time spent auto-exploring this place.
 F = Levels seen in this place.
 G = Mean time per level.
                   A        B        C        D        E       F      G
               +--------+--------+--------+--------+--------+-----+--------+
         Total |   8327 |   7993 |    334 |   1400 |   4631 |   8 | 1040.9 |
       Dungeon |   7763 |   7429 |    334 |   1301 |   4475 |   7 | 1109.0 |
       Ossuary |    563 |    563 |      0 |     99 |    156 |   1 |  563.0 |
               +--------+--------+--------+--------+--------+-----+--------+

Top non-repeatable levels by time:
     D:2: 1525 daAuts
     D:5: 1379 daAuts
     D:6: 1295 daAuts
     D:1: 1162 daAuts
     D:4: 1107 daAuts
     D:7: 684 daAuts
     D:3: 609 daAuts
 Ossuary: 563 daAuts
